 Dungeon Crawl Stone Soup version 0.27-a0-1308-gc08437e49b (webtiles) character file.

Game seed: 12638430722804649020

552 pokeman the Magician (level 7, -1/38 HPs)
             Began as a Deep Elf Hedge Wizard on June 19, 2021.
             Was an Initiate of Vehumet.
             Succumbed to a water moccasin's poison
             ... on level 5 of the Dungeon.
             The game lasted 00:12:07 (5907 turns).

pokeman the Magician (Deep Elf Hedge Wizard)        Turns: 5907, Time: 00:12:07

Health: -1/38      AC:  5    Str:  7    XL:     7   Next: 8%
Magic:  14/20      EV: 12    Int: 21    God:    Vehumet [......]
Gold:   183        SH:  0    Dex: 14    Spells: 9/21 levels left

rFire    + . .     SeeInvis .   b - +2 dagger (elec)
rCold    + . .     Faith    .   (no shield)
rNeg     . . .     Spirit   .   s - +0 leather armour
rPois    +         Reflect  .   m - +0 helmet
rElec    +         Harm     .   (no cloak)
rCorr    +         Rampage  .   (no gloves)
Will     .....                  k - +0 pair of boots
Stlth    ++........             (no amulet)
HPRegen  0.12/turn              (no ring)
MPRegen  0.17/turn              (no ring)

@: lethally poisoned (-1 -> -13), resistant
A: no striking features
a: Renounce Religion


You were on level 5 of the Dungeon.
You worshipped Vehumet.
Vehumet was noncommittal.
You visited 2 branches of the dungeon, and saw 6 of its levels.

You collected 183 gold pieces.

Inventory:

Hand Weapons
 b - a +2 dagger of electrocution (weapon)
Missiles
 f - a throwing net
 i - 55 bolts
 l - 2 atropa-tipped darts
 n - 65 arrows
Armour
 k - a +0 pair of boots (worn)
 m - a +0 helmet (worn)
 s - a +0 leather armour (worn)
Wands
 o - a wand of digging (8)
Scrolls
 c - a scroll of amnesia {unknown}
 d - 2 scrolls of torment {unknown}
 e - 8 scrolls of identify {unknown}
 g - a scroll of enchant weapon {unknown}
 h - a scroll of noise {unknown}
Potions
 j - a potion of berserk rage {unknown}
 p - 2 potions of curing {unknown}
 q - 2 potions of lignification {unknown}


   Skills:
 - Level 1.0 Fighting
 - Level 1.4 Armour
 - Level 3.0 Dodging
 - Level 2.4 Stealth
 * Level 7.7 Spellcasting
 + Level 3.6 Conjurations
 - Level 1.1 Summonings
 - Level 1.1 Translocations
 - Level 2.2 Fire Magic
 - Level 2.1 Air Magic
 + Level 0.5 Poison Magic
 + Level 0.5 Evocations


You had 9 spell levels left.
You knew the following spells:

 Your Spells              Type           Power      Damage    Failure   Level
a - Magic Dart            Conj           92%        1d7       2%          1
b - Mephitic Cloud        Conj/Pois/Air  16%        N/A       16%         3
c - Call Imp              Summ           12%        N/A       12%         2
d - Blink                 Tloc           N/A        N/A       12%         2
e - Conjure Flame         Conj/Fire      20%        6-21      11%         3
f - Apportation           Tloc           24%        N/A       8%          1

Your spell library contained the following spells:

 Spells                   Type           Power      Damage    Failure   Level
 Summon Small Mammal      Summ           48%        N/A       8%          1
 Animate Skeleton         Necr           16%        N/A       12%         1
 Beastly Appendage        Tmut           16%        N/A       12%         1
 Corona                   Hex            8%         N/A       12%         1
 Slow                     Hex            8%         N/A       19%         2
 Wereblood                Tmut           8%         N/A       19%         2
 Spider Form              Tmut/Pois      4%         N/A       32%         3
 Ice Form                 Ice/Tmut       8%         N/A       75%         4


Dungeon Overview and Level Annotations

Branches:
Dungeon (5/15)             Temple (1/1) D:4

Altars:
Gozag
Makhleb
Nemelex Xobeh
Vehumet
Xom
Zin
The Shining One

Annotations:
D:5 2 runed translucent doors


Message History

a +0 flail; an orc corpse The water moccasin barely misses you.
The water moccasin bites you.
You barely miss something. The water moccasin bites you.
You are poisoned.
The water moccasin poisons you!
You hear some strange, mumbled words.
Something tries to affect you, but you resist.
You feel very sick. The water moccasin misses you.
You feel very sick. The water moccasin bites you.
You are lethally poisoned!
The water moccasin poisons you!
Things that are here:
a +0 hand axe; a +0 leather armour; an orc corpse You feel very sick.
You hear some strange, mumbled words.
Something tries to affect you, but you resist.
The water moccasin barely misses you.
Found 8 gold pieces.
It was a potion of resistance.
You feel protected.
You feel less confused.
* * * LOW HITPOINT WARNING * * *
You feel very sick. The water moccasin barely misses you.
Okay, then.
Unknown command.
Unknown command.
Casting: Mephitic Cloud (quite dangerous; 16% risk of failure)
Confirm with . or Enter, or press ? or * to list all spells.
You blink.
* * * LOW HITPOINT WARNING * * *
You feel very sick.
Unknown command.
Casting: Blink (safe; 12% risk of failure)
Confirm with . or Enter, or press ? or * to list all spells.
The fire begins to smoulder!
* * * LOW HITPOINT WARNING * * *
You feel very sick.
You die...

#.......##.......
........##......#
........##......##
........#........#
########'##......# #
######........##......# .$
##.............####)#### ...
#......###.....##.S....##....
##....##.##....@ยง))..........
#...##...##...##...)..##....
##..##.^_..##..##......# ..
#..##.......##...........(...
#.##^.^.^....##..............
##.#.^.#####.^.#.######+##....
...##.'#.#.#'.##.#......##....
#...###..#..###...............
..#.....###.....##............


You could see a water moccasin.

Vanquished Creatures
  A sky beast (D:4)
  An ogre (D:5)
  A scorpion (D:5)
  A bullfrog skeleton (D:5)
  An orc priest (D:4)
  A hound (D:5)
  An iguana (D:5)
  An orc wizard (D:5)
  Robin (D:2)
  8 adders
  A worm (D:2)
  4 dart slugs
  3 orcs (D:5)
  9 bats
  8 endoplasms
  4 giant cockroaches
  19 goblins
  11 hobgoblins
  3 quokkas
  3 ball pythons
  5 frilled lizards
  3 kobolds
  A rat (D:1)
91 creatures vanquished.

Vanquished Creatures (collateral kills)
  A necrophage (D:4)
1 creature vanquished.

Grand Total: 92 creatures vanquished

Notes
Turn   | Place    | Note
-------+----------+-------------------------------------------
     0 | D:1      | pokeman the Deep Elf Hedge Wizard began the quest for the
                  | Orb.
     0 | D:1      | Reached XP level 1. HP: 10/10 MP: 7/7
   544 | D:1      | Reached XP level 2. HP: 16/16 MP: 4/9
  1278 | D:2      | Noticed Robin
  1371 | D:2      | Reached skill level 5 in Spellcasting
  1605 | D:2      | Reached XP level 3. HP: 7/20 MP: 3/11
  1609 | D:2      | Learned a level 3 spell: Mephitic Cloud
  1612 | D:2      | Learned a level 2 spell: Call Imp
  1615 | D:2      | Learned a level 2 spell: Blink
  1619 | D:2      | Learned a level 3 spell: Conjure Flame
  1857 | D:2      | Reached skill level 1 in Fighting
  1872 | D:2      | Reached skill level 1 in Armour
  2284 | D:2      | Reached XP level 4. HP: 25/25 MP: 11/13
  2364 | D:2      | Killed Robin
  2567 | D:2      | Learned a level 1 spell: Apportation
  4103 | D:4      | Reached skill level 6 in Spellcasting
  4153 | D:4      | Noticed a necrophage
  4181 | D:4      | Killed a necrophage
  4182 | D:4      | Reached XP level 5. HP: 29/29 MP: 4/15
  4385 | D:4      | Found a staircase to the Ecumenical Temple.
  4394 | D:4      | Reached skill level 1 in Fire Magic
  4394 | D:4      | Reached skill level 1 in Air Magic
  4414 | Temple   | Entered the Ecumenical Temple
  4484 | Temple   | Became a worshipper of Vehumet
  5227 | D:5      | Entered Level 5 of the Dungeon
  5232 | D:5      | Noticed an angel
  5233 | D:5      | Found a shimmering altar of Xom.
  5233 | D:5      | Found a glowing silver altar of Zin.
  5234 | D:5      | Noticed a sky beast
  5235 | D:5      | Noticed an ogre
  5310 | D:4      | Killed a sky beast
  5311 | D:4      | Reached skill level 7 in Spellcasting
  5311 | D:4      | Reached XP level 6. HP: 8/34 MP: 1/18
  5633 | D:5      | Reached XP level 7. HP: 36/38 MP: 14/20
  5696 | D:5      | Found a sparkling altar of Nemelex Xobeh.
  5783 | D:5      | Found a large runed translucent door.
  5784 | D:5      | Found a large runed translucent door.
  5907 | D:5      | Succumbed to a water moccasin's poison

Illustrated notes

Levels and vault maps discovered:
D:1:      eino_arrival_water_cross, layout_loops_corners
D:2:      layout_basic, uniq_robin
D:3:      layout_basic, grunt_ministairs_11
D:4:      layout_loops_ring, minmay_temple_entry_proselytizer,
          grunt_decor_resistance, minmay_goblin_outpost
D:5:      layout_gridville, grunt_temple_overflow_order_and_chaos_1,
          nemelex_spade_bored_becter, jmf_multi_god_temple2,
          uniq_crazy_yiuf_cottage
Temple:   jpeg_temple_alley_garden

Skill      XL: |  1  2  3  4  5  6 |
---------------+-------------------+-----
Spellcasting   | 5 6 7 |  7.7
Fighting       | 1 |  1.0
Armour         | 1 |  1.4
Conjurations   | 2 3 |  3.6
Dodging        | 3 |  3.0
Fire Magic     | 1 2 |  2.2
Air Magic      | 1 2 |  2.1
Stealth        | |  2.4
Summonings     | |  1.1
Translocations | |  1.1
Poison Magic   | |  0.5
Evocations     | |  0.5

Action                   |  1- 3 |  4- 6 |  7- 9 || total
-------------------------+-------+-------+-------++-------
Melee: Long sword        |     2 |    21 |       ||    23
       Dagger            |       |    13 |    11 ||    24
 Cast: Magic Dart        |    96 |   113 |       ||   209
       Call Imp          |       |     5 |       ||     5
       Mephitic Cloud    |       |     7 |     2 ||     9
       Conjure Flame     |       |     2 |     1 ||     3
       Blink             |       |     3 |     1 ||     4
  Use: Potion            |       |       |     1 ||     1
 Stab: Confused          |       |     4 |     1 ||     5
       Sleeping          |       |     2 |       ||     2
Armor: Robe              |       |     3 |       ||     3
       Leather armour    |       |     3 |     6 ||     9
Dodge: Dodged            |    23 |    36 |    11 ||    70
       Rpst.: Long sword |     5 |     3 |       ||     8

Table legend: (Time is in decaauts)
 A = Elapsed time spent in this place.
 B = Non-inter-level travel time spent in this place.
 C = Inter-level travel time spent in this place.
 D = Time resting spent in this place.
 E = Time spent auto-exploring this place.
 F = Levels seen in this place.
 G = Mean time per level.
                   A        B        C        D        E       F      G
               +--------+--------+--------+--------+--------+-----+--------+
         Total |   5918 |   5745 |    173 |    442 |   4641 |   6 |  986.3 |
       Dungeon |   5822 |   5673 |    149 |    442 |   4579 |   5 | 1164.4 |
        Temple |     95 |     71 |     24 |      0 |     62 |   1 |   95.0 |
               +--------+--------+--------+--------+--------+-----+--------+

Top non-repeatable levels by time:
     D:1: 1550 daAuts
     D:4: 1413 daAuts
     D:2: 1253 daAuts
     D:3: 1230 daAuts
     D:5: 375 daAuts
  Temple: 95 daAuts
